[ AOE2 MATCH · #505829934 ]
UnrankedTeutons vs Huns
Player's team · LOSS
Rival team · WIN
[ REPLAY ANALYSIS · EXTRACTED FROM THE RECORDED GAME ]
Feudal
9:02
Castle
20:41
Imperial
38:00
| APM avg | 52.9 |
| APM peak | 76 |
| eAPM avg | 27.1 |
| Villagers / military | 144 / 90 |
Focus
⚔️ 36.9% · 🌾 63.1%
Knight ×56 · Skirmisher ×26 · Scorpion ×7 · Scout Cavalry ×1
Feudal
9:50
Castle
21:15
Imperial
38:09
| APM avg | 66.2 |
| APM peak | 106 |
| eAPM avg | 20.8 |
| Villagers / military | 137 / 153 |
Focus
⚔️ 35.9% · 🌾 64.1%
Cavalry Archer ×98 · Scout Cavalry ×27 · Skirmisher ×17 · Trebuchet (Packed) ×4 · Militia ×3 · Monk ×2
Match map
Initial resources + every placement click. Lines = walls · curves = elevation contours. ◆ gold · ⬟ stone · ● berries · ✦ relic · ◌ wall gap
Your base· Open — unwalled flank
Shahar18's base· Open — unwalled flank
Smoothed initial terrain · ◌ = detected wall gap · hover for details
Inputs per minute
— Jayklops - - Shahar18
Build order — Jayklops
First 150 of 412 actions detected
| 0:04 | Queue | Villager (Male) |
| 0:05 | Build | House |
| 0:05 | Build | House |
| 0:08 | Queue | Villager (Male) |
| 0:14 | Queue | Villager (Male) |
| 0:20 | Queue | Villager (Male) |
| 1:28 | Queue | Villager (Male) |
| 1:56 | Build | Lumber Camp |
| 2:03 | Queue | Villager (Male) |
| 2:27 | Queue | Villager (Male) |
| 2:58 | Queue | Villager (Male) |
| 3:00 | Queue | Villager (Male) |
| 3:39 | Queue | Villager (Male) |
| 3:42 | Build | House |
| 3:43 | Build | Palisade Wall |
| 4:05 | Queue | Villager (Male) |
| 4:22 | Queue | Villager (Male) |
| 4:33 | Build | House |
| 4:34 | Queue | Villager (Male) |
| 4:54 | Queue | Villager (Male) |
| 5:01 | Queue | Villager (Male) |
| 5:01 | Queue | Villager (Male) |
| 5:04 | Build | Mill |
| 5:32 | Queue | Villager (Male) |
| 5:42 | Research | Loom |
| 6:52 | Research | Feudal Age |
| 7:44 | Build | Barracks |
| 7:47 | Build | House |
| 8:06 | Queue | Villager (Male) |
| 9:02 | Age | Feudal Age |
| 9:05 | Build | Archery Range |
| 9:08 | Build | Palisade Wall |
| 9:12 | Queue | Villager (Male) |
| 9:16 | Research | Double-Bit Axe |
| 9:32 | Queue | Villager (Male) |
| 9:36 | Build | Palisade Wall |
| 9:38 | Build | Palisade Wall |
| 10:14 | Queue | Skirmisher |
| 10:40 | Build | Palisade Wall |
| 10:41 | Build | Palisade Wall |
| 10:41 | Queue | Skirmisher |
| 10:49 | Build | Palisade Wall |
| 10:51 | Build | Palisade Wall |
| 11:08 | Queue | Villager (Male) |
| 11:18 | Queue | Skirmisher |
| 11:23 | Queue | Villager (Male) |
| 11:37 | Queue | Villager (Male) |
| 11:41 | Queue | Skirmisher |
| 11:44 | Research | Horse Collar |
| 11:46 | Build | Farm |
| 11:46 | Build | Farm |
| 11:48 | Build | Farm |
| 11:52 | Build | Farm |
| 11:53 | Build | Farm |
| 11:55 | Build | Farm |
| 11:57 | Build | Farm |
| 12:06 | Build | Farm |
| 12:09 | Build | Farm |
| 12:10 | Build | Farm |
| 12:12 | Build | Farm |
| 12:12 | Build | Farm |
| 12:14 | Queue | Villager (Male) |
| 12:26 | Build | House |
| 12:40 | Queue | Villager (Male) |
| 12:46 | Build | House |
| 12:49 | Queue | Skirmisher |
| 13:00 | Build | Blacksmith |
| 13:03 | Queue | Villager (Male) |
| 13:20 | Queue | Villager (Male) |
| 13:22 | Build | Farm |
| 13:36 | Build | Farm |
| 13:44 | Queue | Villager (Male) |
| 13:45 | Queue | Skirmisher |
| 13:50 | Queue | Skirmisher |
| 13:58 | Research | Fletching |
| 14:02 | Build | Farm |
| 14:07 | Queue | Villager (Male) |
| 14:31 | Queue | Villager (Male) |
| 14:36 | Queue | Villager (Male) |
| 14:50 | Queue | Villager (Male) |
| 14:51 | Queue | Skirmisher |
| 14:55 | Queue | Villager (Male) |
| 14:58 | Build | House |
| 15:07 | Build | Mining Camp |
| 15:11 | Build | Mining Camp |
| 15:11 | Queue | Villager (Male) |
| 15:14 | Queue | Skirmisher |
| 15:24 | Build | House |
| 15:25 | Build | House |
| 15:26 | Build | Palisade Wall |
| 15:30 | Queue | Villager (Male) |
| 15:36 | Build | Palisade Wall |
| 15:43 | Build | Palisade Wall |
| 15:49 | Queue | Villager (Male) |
| 15:50 | Queue | Skirmisher |
| 16:13 | Queue | Skirmisher |
| 16:21 | Queue | Skirmisher |
| 16:33 | Build | Farm |
| 16:34 | Build | Farm |
| 16:37 | Build | Farm |
| 17:18 | Queue | Skirmisher |
| 17:43 | Queue | Villager (Male) |
| 18:01 | Research | Castle Age |
| 18:02 | Queue | Skirmisher |
| 18:04 | Research | Padded Archer Armor |
| 18:04 | Research | Padded Archer Armor |
| 18:11 | Build | Stable |
| 18:16 | Build | Palisade Wall |
| 18:17 | Build | Palisade Wall |
| 18:17 | Build | Palisade Wall |
| 18:21 | Queue | Skirmisher |
| 19:05 | Queue | Skirmisher |
| 19:06 | Queue | Skirmisher |
| 19:23 | Research | Bloodlines |
| 19:23 | Research | Bloodlines |
| 19:24 | Research | Scale Barding Armor |
| 19:48 | Research | Forging |
| 19:48 | Research | Forging |
| 19:53 | Build | Stable |
| 19:58 | Queue | Villager (Male) |
| 20:03 | Build | House |
| 20:06 | Build | Palisade Wall |
| 20:06 | Build | Palisade Wall |
| 20:06 | Build | Palisade Wall |
| 20:07 | Build | Palisade Wall |
| 20:15 | Research | Gold Mining |
| 20:19 | Research | Wheelbarrow |
| 20:19 | Research | Wheelbarrow |
| 20:32 | Build | Palisade Wall |
| 20:32 | Build | Palisade Wall |
| 20:40 | Build | House |
| 20:41 | Age | Castle Age |
| 20:43 | Build | Palisade Wall |
| 20:47 | Queue | Knight |
| 20:48 | Queue | Knight |
| 20:50 | Queue | Villager (Male) |
| 20:55 | Queue | Knight |
| 20:58 | Queue | Villager (Male) |
| 21:23 | Queue | Knight |
| 21:25 | Queue | Knight |
| 21:28 | Research | Heavy Plow |
| 21:30 | Research | Bow Saw |
| 21:36 | Research | Heavy Plow |
| 21:40 | Queue | Villager (Male) |
| 21:47 | Build | Farm |
| 21:56 | Queue | Villager (Male) |
| 22:03 | Queue | Knight |
| 22:11 | Build | Farm |
| 22:12 | Queue | Villager (Male) |
| 22:20 | Build | Palisade Wall |
Build order — Shahar18
First 150 of 416 actions detected
| 0:00 | Queue | Villager (Male) |
| 0:09 | Queue | Villager (Male) |
| 0:09 | Queue | Villager (Male) |
| 0:09 | Queue | Villager (Male) |
| 1:22 | Queue | Villager (Male) |
| 1:52 | Queue | Villager (Male) |
| 1:54 | Build | Lumber Camp |
| 2:04 | Queue | Villager (Male) |
| 2:41 | Queue | Villager (Male) |
| 3:19 | Queue | Villager (Male) |
| 3:22 | Queue | Villager (Male) |
| 4:06 | Queue | Villager (Male) |
| 4:06 | Queue | Villager (Male) |
| 4:50 | Queue | Villager (Male) |
| 5:03 | Queue | Villager (Male) |
| 5:07 | Build | Mill |
| 5:25 | Queue | Villager (Male) |
| 5:27 | Queue | Villager (Male) |
| 5:36 | Queue | Villager (Male) |
| 6:25 | Queue | Villager (Male) |
| 6:25 | Queue | Villager (Male) |
| 6:27 | Build | Barracks |
| 6:28 | Build | Palisade Wall |
| 6:29 | Build | Palisade Wall |
| 6:42 | Research | Loom |
| 7:23 | Build | Mining Camp |
| 7:24 | Queue | Militia |
| 7:24 | Queue | Militia |
| 7:40 | Research | Feudal Age |
| 8:10 | Queue | Militia |
| 8:42 | Queue | Villager (Male) |
| 8:52 | Queue | Villager (Male) |
| 9:12 | Queue | Villager (Male) |
| 9:30 | Queue | Villager (Male) |
| 9:50 | Age | Feudal Age |
| 9:55 | Research | Man-at-Arms (upgrade) |
| 10:22 | Queue | Villager (Male) |
| 10:35 | Queue | Villager (Male) |
| 10:40 | Queue | Villager (Male) |
| 10:42 | Build | Archery Range |
| 10:48 | Build | Farm |
| 10:50 | Build | Farm |
| 10:58 | Queue | Villager (Male) |
| 11:07 | Queue | Villager (Male) |
| 11:21 | Queue | Villager (Male) |
| 11:23 | Build | Farm |
| 11:25 | Build | Farm |
| 11:29 | Queue | Skirmisher |
| 11:45 | Build | Farm |
| 11:46 | Queue | Skirmisher |
| 11:48 | Queue | Villager (Male) |
| 11:48 | Queue | Villager (Male) |
| 12:09 | Build | Farm |
| 12:14 | Build | Farm |
| 12:18 | Queue | Skirmisher |
| 12:20 | Queue | Villager (Male) |
| 12:27 | Queue | Skirmisher |
| 12:50 | Build | Blacksmith |
| 12:51 | Build | Palisade Wall |
| 13:01 | Queue | Skirmisher |
| 13:05 | Queue | Villager (Male) |
| 13:13 | Queue | Villager (Male) |
| 13:21 | Queue | Villager (Male) |
| 13:23 | Build | Farm |
| 13:36 | Build | Farm |
| 13:44 | Queue | Skirmisher |
| 13:48 | Research | Fletching |
| 13:51 | Queue | Villager (Male) |
| 13:59 | Build | Farm |
| 14:04 | Queue | Skirmisher |
| 14:14 | Queue | Villager (Male) |
| 14:54 | Queue | Villager (Male) |
| 14:55 | Queue | Skirmisher |
| 14:58 | Build | Farm |
| 15:00 | Build | Farm |
| 15:04 | Queue | Skirmisher |
| 15:05 | Queue | Villager (Male) |
| 15:14 | Build | Farm |
| 15:22 | Build | Farm |
| 15:28 | Build | Palisade Wall |
| 15:31 | Queue | Villager (Male) |
| 15:34 | Queue | Skirmisher |
| 15:36 | Queue | Villager (Male) |
| 15:40 | Build | Palisade Wall |
| 16:05 | Queue | Villager (Male) |
| 16:07 | Build | Farm |
| 16:20 | Build | Farm |
| 16:30 | Queue | Villager (Male) |
| 16:50 | Queue | Skirmisher |
| 16:50 | Queue | Villager (Male) |
| 16:52 | Build | Farm |
| 16:54 | Build | Farm |
| 16:55 | Queue | Villager (Male) |
| 17:00 | Build | Palisade Wall |
| 17:05 | Queue | Villager (Male) |
| 17:12 | Build | Lumber Camp |
| 17:21 | Queue | Skirmisher |
| 17:24 | Queue | Villager (Male) |
| 17:29 | Build | Farm |
| 17:49 | Build | Farm |
| 17:54 | Queue | Skirmisher |
| 17:58 | Build | Palisade Wall |
| 17:59 | Build | Palisade Wall |
| 18:27 | Research | Castle Age |
| 18:27 | Research | Castle Age |
| 18:46 | Queue | Villager (Male) |
| 18:50 | Queue | Skirmisher |
| 19:12 | Queue | Villager (Male) |
| 19:30 | Queue | Skirmisher |
| 19:44 | Build | Farm |
| 19:46 | Queue | Villager (Male) |
| 19:47 | Build | Stable |
| 20:09 | Research | Horse Collar |
| 20:10 | Research | Double-Bit Axe |
| 20:13 | Build | Archery Range |
| 20:30 | Research | Gold Mining |
| 20:37 | Build | Lumber Camp |
| 20:41 | Research | Bloodlines |
| 21:00 | Build | Archery Range |
| 21:15 | Age | Castle Age |
| 21:19 | Research | Bodkin Arrow |
| 21:19 | Research | Bodkin Arrow |
| 21:19 | Queue | Cavalry Archer |
| 21:20 | Queue | Cavalry Archer |
| 21:20 | Queue | Cavalry Archer |
| 21:27 | Queue | Villager (Male) |
| 21:35 | Build | Farm |
| 21:41 | Queue | Cavalry Archer |
| 21:41 | Queue | Cavalry Archer |
| 21:42 | Queue | Villager (Male) |
| 21:51 | Research | Bow Saw |
| 21:52 | Queue | Skirmisher |
| 21:57 | Queue | Villager (Male) |
| 22:06 | Queue | Cavalry Archer |
| 22:06 | Queue | Cavalry Archer |
| 22:09 | Build | Farm |
| 22:10 | Build | Farm |
| 22:12 | Research | Town Watch |
| 22:18 | Queue | Cavalry Archer |
| 22:18 | Queue | Cavalry Archer |
| 22:22 | Queue | Villager (Male) |
| 22:31 | Research | Husbandry |
| 22:38 | Queue | Cavalry Archer |
| 22:41 | Queue | Villager (Male) |
| 22:47 | Queue | Cavalry Archer |
| 22:47 | Queue | Skirmisher |
| 22:47 | Queue | Cavalry Archer |
| 23:25 | Queue | Knight |
| 23:34 | Queue | Villager (Male) |
| 23:39 | Queue | Cavalry Archer |
Match timeline
| 3:43 | Jayklops · wall_segment Palisade Wall x5 |
| 6:27 | Shahar18 · first_building Barracks |
| 6:28 | Shahar18 · wall_segment Palisade Wall x1 |
| 6:29 | Shahar18 · wall_segment Palisade Wall x1 |
| 7:44 | Jayklops · first_building Barracks |
| 9:02 | Jayklops · age_up feudal |
| 9:05 | Jayklops · first_building Archery Range |
| 9:08 | Jayklops · wall_segment Palisade Wall x6 |
| 9:36 | Jayklops · wall_segment Palisade Wall x1 |
| 9:38 | Jayklops · wall_segment Palisade Wall x6 |
| 9:50 | Shahar18 · age_up feudal |
| 10:40 | Jayklops · wall_segment Palisade Wall x1 |
| 10:41 | Jayklops · wall_segment Palisade Wall x1 |
| 10:42 | Shahar18 · first_building Archery Range |
| 10:49 | Jayklops · wall_segment Palisade Wall x1 |
| 10:51 | Jayklops · wall_segment Palisade Wall x1 |
| 12:51 | Shahar18 · wall_segment Palisade Wall x1 |
| 15:26 | Jayklops · wall_segment Palisade Wall x1 |
| 15:28 | Shahar18 · wall_segment Palisade Wall x5 |
| 15:36 | Jayklops · wall_segment Palisade Wall x1 |
| 15:40 | Shahar18 · wall_segment Palisade Wall x16 |
| 15:43 | Jayklops · wall_segment Palisade Wall x5 |
| 17:00 | Shahar18 · wall_segment Palisade Wall x6 |
| 17:58 | Shahar18 · wall_segment Palisade Wall x2 |
| 17:59 | Shahar18 · wall_segment Palisade Wall x1 |
| 18:11 | Jayklops · first_building Stable |
| 18:16 | Jayklops · wall_segment Palisade Wall x1 |
| 18:17 | Jayklops · wall_segment Palisade Wall x1 |
| 18:17 | Jayklops · wall_segment Palisade Wall x1 |
| 19:47 | Shahar18 · first_building Stable |
| 20:06 | Jayklops · wall_segment Palisade Wall x3 |
| 20:06 | Jayklops · wall_segment Palisade Wall x1 |
| 20:06 | Jayklops · wall_segment Palisade Wall x1 |
| 20:07 | Jayklops · wall_segment Palisade Wall x1 |
| 20:32 | Jayklops · wall_segment Palisade Wall x1 |
| 20:32 | Jayklops · wall_segment Palisade Wall x1 |
| 20:41 | Jayklops · age_up castle |
| 20:43 | Jayklops · wall_segment Palisade Wall x4 |
| 21:15 | Shahar18 · age_up castle |
| 22:20 | Jayklops · wall_segment Palisade Wall x12 |
| 24:21 | Shahar18 · wall_segment Palisade Wall x3 |
| 24:56 | Jayklops · first_building Siege Workshop |
| 25:15 | Shahar18 · wall_segment Palisade Wall x1 |
| 25:18 | Shahar18 · first_market_sell 100 wood |
| 25:32 | Jayklops · wall_segment Palisade Wall x1 |
| 25:46 | Shahar18 · wall_segment Palisade Wall x1 |
| 25:52 | Shahar18 · wall_segment Palisade Wall x1 |
| 25:54 | Shahar18 · wall_segment Palisade Wall x1 |
| 26:05 | Shahar18 · wall_segment Palisade Wall x1 |
| 26:07 | Shahar18 · wall_segment Palisade Wall x1 |
| 26:18 | Shahar18 · wall_segment Palisade Wall x1 |
| 27:55 | Shahar18 · wall_segment Palisade Wall x1 |
| 27:55 | Shahar18 · wall_segment Palisade Wall x1 |
| 29:49 | Shahar18 · wall_segment Palisade Wall x3 |
| 31:30 | Shahar18 · first_market_buy 100 food |
| 32:06 | Shahar18 · first_building Monastery |
| 33:41 | Jayklops · first_building Castle |
| 33:52 | Jayklops · first_market_sell 100 food |
| 35:08 | Jayklops · wall_segment Stone Wall x1 |
| 35:09 | Jayklops · wall_segment Stone Wall x1 |
| 35:10 | Jayklops · wall_segment Stone Wall x1 |
| 35:11 | Jayklops · wall_segment Stone Wall x1 |
| 35:13 | Jayklops · wall_segment Stone Wall x1 |
| 35:16 | Jayklops · wall_segment Stone Wall x1 |
| 35:16 | Jayklops · wall_segment Stone Wall x1 |
| 35:19 | Jayklops · wall_segment Stone Wall x8 |
| 37:05 | Jayklops · wall_segment Stone Wall x1 |
| 37:06 | Jayklops · wall_segment Stone Wall x1 |
| 38:00 | Jayklops · age_up imperial |
| 38:09 | Shahar18 · age_up imperial |
| 39:17 | Shahar18 · first_building Castle |
| 42:05 | Jayklops · first_market_buy 100 food |
| 42:54 | Jayklops · wall_segment Stone Wall x3 |
| 42:56 | Jayklops · wall_segment Stone Wall x3 |
| 44:05 | Jayklops · resign |
[ AI ANALYSIS · 1 CREDIT ]
What really happened in this match?
Wolo.gg analyzes every decision: build order, eco, micro, common mistakes by bracket. Personalized analysis on WhatsApp or Discord in 30 seconds.
Civ guide
Teutons
Perfil
Jugador #782884